Map: Thunderbird LE

Players

Spazymazy - Winner!

  • Race: Zerg Zerg
  • Spawn Location: 11:00

sleepCOW

  • Race: Zerg Zerg
  • Spawn Location: 5:00

Event: 2019 WCS Summer

VOD

Have the link to the VOD?

Description

Time

  • Played on: July 12, 2019, 6:46 a.m.
  • Length: 8:24

All games in this series

Show
View Real Time Build Order
Export as new Build Order

Spazymazy Zerg - Winner!

Build Orders: Hatch First 

Get SALT Encoding   

  12  0:00  Drone  
  13  0:12  Overlord  
  13  0:18  Drone  
  14  0:31  Drone x2  
  16  0:36  Drone  
  17  0:52  Hatchery  
  16  0:58  Drone  
  17  1:08  Spawning Pool  
  17  1:11  Drone  
  17  1:12  Extractor  
  17  1:15  Drone  
  17  1:19  Drone  
  18  1:28  Drone  
  19  1:41  Overlord  
  19  1:54  Queen  
  19  1:55  Zergling x2  
  19  2:00  Zergling x2  
  23  2:03  Queen  
  23  2:04  Zergling x2  
  26  2:12  Metabolic Boost, Drone  
  27  2:17  Drone  
  27  2:22  Drone  
  29  2:27  Drone  
  30  2:37  Hatchery  
  29  2:39  Drone  
  29  2:41  Drone  
  31  2:46  Overlord  
  31  2:58  Drone  
  31  3:01  Drone  
  31  3:02  Drone  
  33  3:06  Drone x3  
  33  3:08  Baneling Nest  
  34  3:13  Overlord  
  34  3:16  Overlord  
  33  3:27  Zergling x6  
  33  3:28  Zergling x4  
  33  3:32  Overlord  
  38  3:36  Drone x2  
  38  3:37  Zergling x2  
  41  3:43  Zergling x4  
  43  3:52  Baneling  
  43  3:53  Baneling  
  43  3:57  Zergling x10  
  46  4:05  Zergling x6  
  45  4:10  Zergling x6  
  45  4:14  Zergling x2  
  45  4:16  Queen  
  49  4:19  Baneling  
  49  4:20  Baneling  
  49  4:23  Zergling x8  
  52  4:28  Zergling x2  
  52  4:29  Zergling x2  
  54  4:33  Zergling x4  
  56  4:41  Zergling x2  
  56  4:45  Zergling x4  
  55  4:51  Zergling x2  
  52  4:52  Roach Warren  
  52  4:53  Zergling x2  
  50  5:03  Zergling x4  
  50  5:04  Zergling x10  
  52  5:09  Zergling x4  
  52  5:11  Baneling x2  
  52  5:13  Baneling x2  
  51  5:15  Zergling x4  
  51  5:18  Zergling x2  
  53  5:21  Overlord  
  53  5:25  Zergling x2  
  49  5:39  Roach x5  
  49  5:40  Roach x3  
  49  5:41  Drone  
  63  5:45  Extractor  
  63  5:48  Drone x2, Evolution Chamber  
  62  5:52  Drone x2  
  62  5:54  Drone  
  62  5:56  Baneling x2  
  65  6:02  Baneling  
  65  6:06  Zergling x8  
  69  6:12  Zergling x4, Roach  
  69  6:16  Zergling x4  
  75  6:19  Overlord  
  75  6:22  Baneling x2  
  75  6:27  Baneling  
  75  6:33  Zergling x6, Roach  
  75  6:34  Overlord  
  80  6:42  Drone x4  
  80  6:43  Drone  
  83  6:49  Overlord  
  83  7:00  Zergling x8  
  89  7:01  Drone x2  
  89  7:06  Roach x2  
  87  7:16  Zergling x4, Roach x3  
  87  7:22  Zergling x4, Roach  
  96  7:24  Drone  
  96  7:26  Overlord  
  96  7:29  Overlord  
  97  7:32  Overlord  
  89  7:41  Overlord  
  89  7:43  Overlord  
  89  7:46  Roach x2  
  89  7:47  Zergling x2, Roach  
  91  7:55  Drone  
  91  7:58  Extractor  
  86  8:02  Baneling  
  86  8:04  Drone  
  86  8:05  Drone x2  
  87  8:06  Overlord  
  87  8:07  Drone x2  
Show
View Real Time Build Order
Export as new Build Order

sleepCOW Zerg 

Build Orders: Hatch First 

Get SALT Encoding   

  12  0:00  Drone  
  13  0:12  Overlord  
  13  0:17  Drone  
  14  0:31  Drone x2  
  16  0:48  Hatchery  
  15  0:50  Drone  
  15  0:54  Drone  
  17  0:57  Drone  
  18  1:08  Extractor  
  17  1:13  Spawning Pool  
  17  1:16  Drone  
  17  1:19  Drone  
  18  1:28  Drone  
  19  1:38  Drone  
  20  1:49  Drone  
  21  1:59  Overlord  
  21  2:01  Queen x2  
  21  2:02  Drone  
  26  2:11  Drone x2  
  26  2:13  Metabolic Boost  
  28  2:22  Drone x2  
  30  2:32  Hatchery  
  30  2:35  Zergling x2  
  30  2:36  Zergling x2  
  31  2:43  Zergling x2  
  32  2:48  Drone  
  33  2:54  Drone  
  34  3:00  Queen  
  34  3:09  Overlord  
  34  3:10  Zergling x4, Roach Warren  
  34  3:11  Zergling x2  
  36  3:15  Overlord  
  36  3:28  Zergling x2  
  36  3:29  Zergling x10  
  42  3:36  Zergling x2  
  43  3:44  Overlord  
  43  3:45  Overlord  
  43  3:49  Overlord  
  43  3:53  Baneling Nest  
  43  3:54  Roach x2  
  45  3:58  Roach x2  
  49  4:06  Roach x2  
  47  4:16  Roach  
  49  4:18  Zergling x8  
  49  4:24  Zergling x4  
  51  4:29  Zergling x4  
  49  4:40  Zergling x2  
  49  4:41  Zergling x10  
  55  4:46  Ravager  
  55  4:48  Zergling x4  
  53  5:04  Zergling x14  
  51  5:12  Baneling x3  
  51  5:14  Zergling x4  
  48  5:22  Zergling x2  
  48  5:23  Zergling x6  
  45  5:38  Zergling x2  
  45  5:39  Zergling x10  
  45  5:40  Drone x2  
  45  5:50  Drone x4  
  45  5:52  Drone  
  45  5:55  Baneling x2  
  50  5:59  Drone x2  
  52  6:05  Queen  
  52  6:08  Drone  
  55  6:28  Drone x4  
  55  6:29  Roach x5  
  67  6:45  Roach  
  67  6:46  Roach x2  
  72  6:55  Roach  
  72  6:59  Extractor  
  72  7:00  Extractor  
  72  7:02  Spine Crawler  
  72  7:03  Spine Crawler  
  72  7:05  Zergling x10  
  55  7:25  Zergling x26  
  56  7:35  Zergling x2  
  51  7:42  Queen x2  
  53  7:49  Drone x5  
  48  8:01  Zergling x6  
  49  8:07  Zergling x2  
Tags
 
Add a new tag
Caveats
  • Supply blocks, unpowered buildings, or Contaminate may cause inaccurate times.
  • Supply counts are checked every 10 seconds.